AoeStats
← 一条固执的鱼

Oasis

508810218Analyzed
3v3 RM · 8d ago on Sep 24, 2026· 59m 39s· 6 players
Game mode
Random Map
Map size
Normal (6 player)
Population
200
Speed
Normal
Resources
Standard
Victory
Conquest
Starting age
Dark Age
Ending age
Imperial Age
RankedLock teamsTeams togetherTeam positionsShared explorationLock speedFull tech treeHidden civsTurbo modeCheats
Victory
Defeat
🇨🇳 Maya · China
1316
+17
🇨🇳 Ethiopians · China
1305
+17
🇨🇳 Poles · China
1269
+18
🇺🇸 Danes · United States
1356
-19
🇺🇸 Saxons · United States
1318
-17
🇺🇸 Varangians · United States
1303
-16
一条固执的鱼
8:34 Loom
11:02 Feudal Age
809591945
10:39 Feudal Age
15:31 Castle Age
14:29 Double-Bit Axe
14:35 Loom
14:36 Town Watch
15:47 Horse Collar
20:33 Bow Saw
22:04 Heavy Plow
24:43 Bloodlines
24:34 Husbandry
25:17 Scale Barding Armor
26:14 Szlachta Privileges
29:22 Chain Barding Armor
29:13 Forging
29:59 Forging
32:08 Wheelbarrow
沉着 冷静
0:25 Loom
10:26 Feudal Age
15:10 Castle Age
13:10 Double-Bit Axe
13:05 Horse Collar
15:09 Fletching
16:10 Bodkin Arrow
17:51 Crossbowman
19:19 Bow Saw
20:52 Ballistics
21:00 Padded Archer Armor
27:27 Heavy Plow
28:15 Town Watch
29:05 Wheelbarrow
30:01 Leather Archer Armor
31:27 Gold Mining
31:27 Stone Mining
37:37 Imperial Age
35:24 Hand Cart
35:21 Eagle Warrior
35:46 Arson
36:01 Squires
36:04 Scale Mail Armor
36:14 Forging
38:11 Chain Mail Armor
38:32 Iron Casting
37:46 Elite Eagle Warrior
39:28 Conscription
39:47 Plate Mail Armor
40:03 Squires
41:30 Holcans
42:08 Stone Shaft Mining
42:53 Bracer
43:55 Blast Furnace
42:37 Elite Plumed Archer
43:49 Ring Archer Armor
45:46 Chemistry
50:24 Two-Man Saw
56:14 Treadmill Crane
58:01 Capped Ram
Mike Death BK-201
10:34 Feudal Age
10:57 Loom
11:19 Horse Collar
12:08 Double-Bit Axe
13:37 Man-at-Arms
17:50 Scale Mail Armor
18:00 Forging
17:51 Arson
23:15 Castle Age
25:48 Fletching
26:42 Heavy Plow
26:53 Bow Saw
26:44 Elite Skirmisher
27:41 Bodkin Arrow
34:37 Padded Archer Armor
35:15 Ballistics
43:23 Iron Casting
43:03 Chain Mail Armor
46:30 Wheelbarrow
45:41 Town Watch
47:31 Leather Archer Armor
47:55 Bloodlines
47:45 Husbandry
47:57 Thumb Ring
BlossomForce
4:31 Loom
13:30 Feudal Age
14:01 Double-Bit Axe
15:37 Horse Collar
23:13 Castle Age
21:20 Fletching
24:37 Bloodlines
34:57 Town Watch
36:12 Wheelbarrow
38:37 Atonement
54:33 Scale Barding Armor
54:39 Forging
AlohaInMyHeartForAOE2
8:07 Loom
10:24 Feudal Age
10:35 Man-at-Arms
11:39 Arson
21:36 Castle Age
20:35 Scale Mail Armor
21:45 Double-Bit Axe
26:52 Squires
27:46 Wheelbarrow
28:55 Chain Mail Armor
29:55 Forging
30:16 Pikeman
42:25 Horse Collar
52:42 Fletching
53:29 Bodkin Arrow
58:35 Imperial Age
56:28 Long Swordsman
58:57 Two-Handed Swordsman
Connection lost

Rejoining the realm…

Still unreachable

The connection could not be restored.

Session expired

The server has moved on; the page needs a fresh start.